 Dungeon Crawl Stone Soup version 0.27-a0-334-g52645ef (webtiles) character file.

Game seed: 14222559391422834723

2927 Toastz the Fighter (level 9, -4/85 HPs)
             Began as a Minotaur Monk on Feb 13, 2021.
             Slain by a boulder beetle (19 damage)
             ... on level 8 of the Dungeon.
             The game lasted 00:36:54 (8666 turns).

Toastz the Fighter (Minotaur Monk)                  Turns: 8666, Time: 00:36:55

Health: -4/85      AC: 18    Str: 24    XL:     9   Next: 50%
Magic:  8/8        EV:  7    Int:  7    God:
Gold:   502        SH: 13    Dex: 14    Spells: 8/8 levels left

rFire    . . .     SeeInvis .   a - +0 trident
rCold    . . .     Faith    .   e - +2 kite shield
rNeg     . . .     Spirit   .   n - +0 plate armour
rPois    .         Reflect  .   (helmet restricted)
rElec    .         Harm     .   (no cloak)
rCorr    .         Rampage  .   D - +0 pair of gloves
Will     .....                  (no boots)
Stlth    ..........             r - amulet of magic regeneration
HPRegen  0.24/turn              q - +6 ring of strength
MPRegen  0.36/turn              y - +4 ring of protection

@: studying Translocations
A: retaliatory headbutt, horns 2
a: no special abilities


You were on level 8 of the Dungeon.
You visited 1 branch of the dungeon, and saw 8 of its levels.
You also visited: Bailey.

You collected 502 gold pieces.

Inventory:

Hand Weapons
 a - a +0 trident (weapon)
 b - the +2 hunting sling "Jaaroata" {venom, Int+5}
   (You found it on level 5 of the Dungeon)

   It poisons the ammo it fires.
   It affects your intelligence (+5).
Missiles
 g - 295 stones
 l - 3 silver boomerangs
 t - 43 poisoned darts
 C - 81 sling bullets
 G - 75 boomerangs (quivered)
 L - a throwing net
Armour
 e - a +2 kite shield (worn)
 n - a +0 plate armour (worn)
 D - a +0 pair of gloves (worn)
 E - the +1 robe of Hospitality {-Cast Rampage Regen+ Str+6}
   (You found it on level 7 of the Dungeon)

   It affects your strength (+6).
   It prevents spellcasting.
   It increases your rate of regeneration.
   It bestows one free step when moving towards enemies.
Jewellery
 i - a ring of protection from fire
 q - a +6 ring of strength (left hand)
 r - an amulet of magic regeneration (around neck)
 y - a +4 ring of protection (right hand)
 N - a ring of wizardry
Wands
 s - a wand of mindburst (9)
 F - a wand of paralysis (7)
Scrolls
 d - 3 scrolls of amnesia {unknown}
 h - a scroll of immolation {unknown}
 j - 2 scrolls of magic mapping {unknown}
 m - 5 scrolls of teleportation
 v - 4 scrolls of blinking
 w - 4 scrolls of fear
 x - a scroll of fog {unknown}
 A - a scroll of noise {unknown}
 M - 3 scrolls of identify
Potions
 c - 4 potions of mutation {unknown}
 f - 3 potions of flight
 k - 3 potions of attraction
 o - 3 potions of heal wounds
 p - 4 potions of haste
 u - 5 potions of curing
 z - a potion of resistance {unknown}
 B - 14 potions of degeneration
 H - 3 potions of magic {unknown}
 I - a potion of experience {unknown}
 J - a potion of might
 K - 3 potions of lignification {unknown}


   Skills:
 + Level 10.3 Fighting
 + Level 8.0 Polearms
 * Level 7.4 Armour
 - Level 3.2 Dodging
 - Level 1.5 Stealth
 + Level 6.8 Shields


You had 8 spell levels left.
You didn't know any spells.
Your spell library contained the following spells:

 Spells                   Type           Power        Failure   Level
 Animate Skeleton         Necr           0%           100%        1
 Pain                     Necr           0%           100%        1
 Vampiric Draining        Necr           0%           100%        3
 Animate Dead             Necr           0%           100%        4
 Agony                    Necr           0%           100%        5


Dungeon Overview and Level Annotations

Branches:
Dungeon (8/15)             Bailey (visited)
 Temple: D:4-7         Lair: D:8-11

Altars:
Dithmenos

Shops:
D:8 !

Annotations:
D:8 1 runed translucent door


Innate Abilities, Weirdness & Mutations

You reflexively headbutt those who attack you in melee.
You have a pair of horns on your head.


Message History

The boulder beetle completely misses you.
You hit the boulder beetle but do no damage.
The boulder beetle is heavily wounded.
The boulder beetle bites you but does no damage.
You puncture the boulder beetle!
You headbutt the boulder beetle, but do no damage.
The boulder beetle is heavily wounded.
The boulder beetle leaps!
You hit the boulder beetle.
The boulder beetle is heavily wounded.
The boulder beetle barely misses you.
You hit the boulder beetle but do no damage.
You headbutt the boulder beetle, but do no damage.
The boulder beetle is heavily wounded.
The boulder beetle bites you!
You hit the boulder beetle but do no damage.
The boulder beetle is heavily wounded.
The boulder beetle leaps!
Throw: 76 boomerangs
Press: ? - help, Q - select action, (/) - cycle Shift-Dir - straight line, f/p - boulder beetle
Aim: a boulder beetle (heavily wounded, 90% to hit)
You throw a boomerang. The boomerang hits the boulder beetle.
The boulder beetle is severely wounded.
The boulder beetle curls into a ball and begins rolling!
Throw: 76 boomerangs
Press: ? - help, Q - select action, (/) - cycle Shift-Dir - straight line, f/p - boulder beetle
Aim: a boulder beetle (heavily wounded, 90% to hit)
You throw a boomerang.
The boomerang hits the boulder beetle but does no damage.
The boulder beetle is heavily wounded.
The boulder beetle hits you!!!
Ouch! That really hurt!
* * * LOW HITPOINT WARNING * * *
The boulder beetle stops rolling and uncurls.
There is a stone staircase leading up, spattered with blood here.
You are too injured to fight recklessly!
You puncture the boulder beetle!
The boulder beetle is severely wounded.
The boulder beetle bites you!!
You die...

####............###.#.........##
.................##.##.......##
.....................###....##
..#..................# ##..##
..##.................# ####
..##.................##
..##............°.....#
...#............B...#.###
...##...........@...#...###
...###.............##.....####
...####..........###..###....####
....# ############ #.## ####....#
##.## ### #####. ### ##


You could see a boulder beetle.

Vanquished Creatures
  Grinder (D:3)
  A water moccasin (D:7)
  5 orc warriors
  4 ice beasts
  2 black bears
  An ogre (D:5)
  4 bullfrogs
  A scorpion (D:8)
  A howler monkey (D:7)
  6 wights
  A bullfrog zombie (D:8)
  A jelly (D:8)
  A centaur zombie (D:6)
  2 bullfrog skeletons (D:5)
  4 hounds
  6 orc wizards
  A worker ant (D:6)
  Natasha (twice) (D:3)
  A killer bee zombie (D:5)
  A hound zombie (D:8)
  A howler monkey zombie (D:8)
  A worker ant zombie (D:5)
  15 gnolls
  8 adders
  A shadow imp (D:5)
  A white imp (D:5)
  An ufetubus (D:7)
  3 adder skeletons
  A worm (D:3)
  4 dart slugs
  6 leopard geckos
  18 orcs
  5 bats
  8 giant cockroaches
  3 goblins
  11 hobgoblins
  6 jackals
  3 quokkas
  A ball python (D:3)
  5 frilled lizards
  15 kobolds
  6 rats
169 creatures vanquished.

Notes
Turn   | Place    | Note
-------+----------+-------------------------------------------
     0 | D:1      | Toastz the Minotaur Monk began the quest for the Orb.
     0 | D:1      | Reached XP level 1. HP: 19/19 MP: 0/0
   113 | D:1      | Reached skill level 4 in Fighting
   114 | D:1      | Reached XP level 2. HP: 27/27 MP: 1/1
   330 | D:1      | Reached skill level 1 in Armour
   911 | D:2      | Reached XP level 3. HP: 29/34 MP: 2/2
   992 | D:2      | Reached skill level 1 in Shields
  2148 | D:3      | Reached XP level 4. HP: 32/41 MP: 3/3
  2443 | D:3      | Noticed Grinder
  2456 | D:3      | Paralysed by Grinder for 6 turns
  2463 | D:3      | Killed Grinder
  2464 | D:3      | Reached skill level 6 in Fighting
  2464 | D:3      | Reached XP level 5. HP: 22/50 MP: 4/4
  2464 | D:3      | Reached XP level 6. HP: 25/57 MP: 5/5
  2813 | D:3      | Noticed Natasha
  2819 | D:3      | Killed Natasha
  2934 | D:3      | Reached skill level 5 in Polearms
  3019 | D:3      | Noticed Natasha
  3029 | D:3      | Killed Natasha
  3253 | D:4      | Noticed an orc warrior
  3276 | D:4      | Killed an orc warrior
  4086 | D:5      | Entered Level 5 of the Dungeon
  4093 | D:5      | Reached XP level 7. HP: 64/64 MP: 6/6
  4143 | D:5      | Reached skill level 7 in Fighting
  4226 | D:5      | Got an ancient hunting sling
  4226 | D:5      | Identified the +2 hunting sling "Jaaroata" {venom, Int+5}
                  | (You found it on level 5 of the Dungeon)
  5219 | D:6      | Found a shadowy altar of Dithmenos.
  5231 | D:6      | Reached skill level 8 in Fighting
  5231 | D:6      | Reached XP level 8. HP: 67/74 MP: 7/7
  5457 | D:6      | Reached skill level 5 in Armour
  5480 | D:6      | Reached skill level 5 in Shields
  5921 | D:7      | Got an ancient robe
  5931 | D:7      | Identified the +1 robe of Hospitality {-Cast Rampage Regen+
                  | Str+6} (You found it on level 7 of the Dungeon)
  6024 | D:7      | Reached skill level 9 in Fighting
  6179 | D:7      | You fall into a shaft and drop 1 floor!
  6236 | D:7      | Found a flagged portal.
  6270 | Bailey   | Entered a bailey
  6531 | Bailey   | Reached XP level 9. HP: 79/85 MP: 8/8
  7065 | D:7      | Reached skill level 10 in Fighting
  7492 | D:8      | Found Moed's Distillery.
  7508 | D:8      | Found a runed translucent door.
  8035 | D:8      | Noticed a red ugly thing
  8035 | D:8      | Noticed a troll
  8035 | D:8      | Noticed a gargoyle
  8035 | D:8      | Noticed a boulder beetle
  8036 | D:8      | Found the +8 demon trident "Rift" {distort, reach+}
  8666 | D:8      | Slain by a boulder beetle

Illustrated notes

Levels and vault maps discovered:
D:1:      dpeg_arrival_shelter, layout_rooms, minmay_tromino_v2
D:2:      layout_loops_corners, chequers_avenue
D:3:      layout_loops_ring, uniq_natasha, uniq_grinder
D:4:      layout_gridville, minmay_temple_entry_from_below_a, minmay_manual_mess
D:5:      layout_basic
D:6:      layout_loops_ring, nicolae_overflow_crystal_walls
D:7:      layout_loops_ring, enter_bailey_7, hex_tiny
D:8:      minmay_the_grid_triangle_9x9_recursive_2
          [minmay_the_grid_triangle_9x9_prize_insulated,
          minmay_the_grid_triangle_9x9_stretched_checkered,
          minmay_the_grid_triangle_9x9_longest,
          minmay_the_grid_triangle_9x9_subtriangle], layout_cave_pods,
          serial_shops, nicolae_shop_trees, nicolae_shop_behind_doors,
          shop_statue, shop_coins

Skill      XL: |  1  2  3  4  5  6  7  8  9 |
---------------+----------------------------+-----
Fighting       | 4 6 8 9 10 | 10.3
Armour         | 1 3 4 6 7 |  7.4
Polearms       | 4 5 6 7 8 |  8.0
Shields        | 1 2 3 4 6 |  6.8
Dodging        | |  3.2
Stealth        | |  1.5

Action                   |  1- 3 |  4- 6 |  7- 9 || total
-------------------------+-------+-------+-------++-------
Melee: Spear             |    88 |    13 |       ||   101
       Headbutt          |    10 |     9 |    92 ||   111
       Trident           |       |    51 |   397 ||   448
 Fire: Hunting sling     |       |       |    31 ||    31
Throw: Stone             |    42 |       |       ||    42
       Dart              |     1 |    35 |       ||    36
       Boomerang         |       |     9 |    72 ||    81
Evoke: Wand              |       |     4 |       ||     4
  Use: Scroll            |     2 |     4 |     6 ||    12
       Potion            |       |     1 |     1 ||     2
 Stab: Sleeping          |     1 |       |       ||     1
Armor: Robe              |     6 |       |       ||     6
       Scale mail        |    18 |       |       ||    18
       Chain mail        |     5 |    12 |       ||    17
       Plate armour      |       |     6 |   133 ||   139
Dodge: Dodged            |    22 |    10 |    56 ||    88
Block: Kite shield       |    24 |    33 |   174 ||   231

Table legend: (Time is in decaauts)
 A = Elapsed time spent in this place.
 B = Non-inter-level travel time spent in this place.
 C = Inter-level travel time spent in this place.
 D = Time resting spent in this place.
 E = Time spent auto-exploring this place.
 F = Levels seen in this place.
 G = Mean time per level.
                   A        B        C        D        E       F      G
               +--------+--------+--------+--------+--------+-----+--------+
         Total |   8815 |   8403 |    412 |    791 |   6180 |   9 |  979.4 |
       Dungeon |   8437 |   8025 |    412 |    791 |   5984 |   8 | 1054.6 |
        Bailey |    377 |    377 |      0 |      0 |    196 |   1 |  377.0 |
               +--------+--------+--------+--------+--------+-----+--------+

Top non-repeatable levels by time:
     D:7: 1317 daAuts
     D:2: 1230 daAuts
     D:8: 1106 daAuts
     D:3: 1016 daAuts
     D:5: 980 daAuts
     D:4: 969 daAuts
     D:1: 932 daAuts
     D:6: 884 daAuts
  Bailey: 377 daAuts
